 Dungeon Crawl Stone Soup version 0.26.1-11-gd32895ea62 (webtiles) character file.

Game seed: 4439967530900582877

5567 nothank2 the Geomancer (level 10, -11/88 HPs)
             Began as a Gargoyle Earth Elementalist on July 9, 2021.
             Was an Elder of Vehumet.
             Mangled by a boulder beetle (14 damage)
             ... on level 8 of the Dungeon on July 10, 2021.
             The game lasted 00:45:23 (11455 turns).

nothank2 the Geomancer (GrEE)                      Turns: 11455, Time: 00:45:24

Health: -11/88     AC: 36    Str: 12    XL:     10   Next: 72%
Magic:  0/22       EV:  2    Int: 19    God:    Vehumet [****..]
Gold:   489        SH:  0    Dex: 16    Spells: 8/25 levels left

rFire    . . .     SeeInvis .   s - +3 great mace (protect)
rCold    . . .     Faith    .   (shield currently unavailable)
rNeg     + + +     Spirit   .   (armour currently unavailable)
rPois    ∞         Reflect  .   (helmet currently unavailable)
rElec    .         Harm     .   (cloak currently unavailable)
rCorr    .         Rampage  .   (gloves currently unavailable)
Will     .....     NoTele   +   (boots currently unavailable)
Stlth    ++........             (no amulet)
HPRegen  0.24/turn              n - +6 ring of dexterity
MPRegen  0.18/turn              o - +4 ring of protection

@: tree-form, protection aura, hasted, very quick
A: negative energy resistance 1, petrification resistance, miasma immunity, AC
+7
a: Renounce Religion


You were on level 8 of the Dungeon.
You worshipped Vehumet.
Vehumet was greatly pleased with you.
You were a tree.
You visited 1 branch of the dungeon, and saw 8 of its levels.
You also visited: Bailey.

You collected 489 gold pieces.

Inventory:

Hand Weapons
 c - a +4 vorpal dire flail
 d - a +2 whip of holy wrath
 s - a +3 great mace of protection (weapon)
Missiles
 b - 121 stones
 G - 5 boomerangs of dispersal
Armour
 B - a cursed +0 pair of gloves (melded)
 C - a +2 robe of willpower (melded)
 E - a +1 pair of boots (melded)
Magical Staves
 q - an uncursed staff of poison
Jewellery
 n - a +6 ring of dexterity (left branch)
 o - a +4 ring of protection (right branch)
Wands
 y - a wand of flame (19)
 F - a wand of enslavement (7)
Scrolls
 e - 2 scrolls of remove curse
 f - 2 scrolls of noise
 g - 4 scrolls of identify
 h - a scroll of magic mapping
 i - 4 scrolls of teleportation
 j - 2 scrolls of fog
 p - 2 scrolls of enchant weapon
Potions
 a - 4 potions of lignification
 k - 2 potions of berserk rage
 l - a potion of haste
 m - a potion of mutation {unknown}
 t - 5 potions of curing {unknown}
 u - a potion of flight {unknown}
 v - a potion of heal wounds {unknown}
 w - 2 potions of resistance {unknown}
 A - 4 potions of degeneration {unknown}
 D - a potion of might {unknown}


   Skills:
 + Level 5.1 Fighting
 - Level 1.5 Dodging
 - Level 2.1 Stealth
 + Level 8.0 Spellcasting
 + Level 8.5 Conjurations
 - Level 1.0 Transmutations
 - Level 4.0 Fire Magic
 + Level 10.6 Earth Magic


You had 8 spell levels left.
You knew the following spells:

 Your Spells              Type           Power        Failure   Level
a - Sandblast             Erth           96%          1%          1
b - Stone Arrow           Conj/Erth      88%          1%          3
c - Lee's Rapid Deconstr  Erth           24%          1%          5
d - Mephitic Cloud        Conj/Pois/Air  18%          2%          3
e - Fireball              Conj/Fire      15%          5%          5

Your spell library contained the following spells:

 Spells                   Type           Power        Failure   Level
 Passwall                 Tmut/Erth      24%          1%          2
 Dazzling Flash           Conj/Hex       46%          1%          3
 Corona                   Hex            7%           9%          1
 Petrify                  Tmut/Erth      29%          9%          4
 Ensorcelled Hibernation  Hex/Ice        14%          14%         2
 Confusing Touch          Hex            7%           26%         3
 Tukima's Dance           Hex            7%           26%         3


Dungeon Overview and Level Annotations

Branches:
Dungeon (8/15)             Temple (0/1) D:4            Lair (0/6) D:8
 Bailey (visited)

Altars:
Ashenzari
Vehumet
Xom

Shops:
D:7 :

Annotations:
D:4 2 transporters, nothank2's ghost, amateur DsAK
D:8 2 transporters, vexzain's ghost, novice MfMo


Innate Abilities, Weirdness & Mutations

You are resistant to torment.
((Your stone body is resilient. (AC +7)))
You are immune to poison.
You resist negative energy. (rN+)
((You are resistant to electric shocks. (rElec)))
((You can survive without breathing.))
You are immune to petrification.
You are immune to miasma.


Message History

It was a potion of lignification.
You turn into a tree.
Your cursed +0 pair of gloves melds into your body.
Your +1 pair of boots melds into your body.
Your +2 robe of willpower melds into your body.
You feel less strong-willed.
Your roots penetrate the ground.
The boulder beetle bites you but does no damage.
You cannot teleport because you are held in place by your roots.
It was a potion of haste.
You feel yourself speed up. The boulder beetle barely misses you.
You are too injured to fight recklessly!
Aiming: Sandblast (safe; 1% risk of failure)
Press: ? - help, Q - select action, (/) - cycle Shift-Dir - straight line, f/p - boulder beetle
Aim: a boulder beetle (severely wounded, 0% to evade)
The blast of sand hits the boulder beetle but does no damage.
The boulder beetle is severely wounded.
The boulder beetle bites you but does no damage.
You hit the boulder beetle but do no damage.
The boulder beetle is severely wounded.
The boulder beetle bites you!
You die...

#####...## ##<.#####
#..## ##†.#..# ##.#
#...### #.# ##'###
#.## ##...# #..#
#.###.# #..# #.# .#
###..## #.#+#.# #
##.....#######♣B.#
##.....#.......#####
....#####.......##
.#### #........# .#
##........# .#
#...####.... .#
#..## .## .# ##..#
.# ##...#


You could see a boulder beetle.

Vanquished Creatures
  5 yaks (D:8)
  4 wyverns (D:8)
  Edmund (D:3)
  5 water moccasins (D:8)
  An orc warrior (D:7)
  A sky beast (D:5)
  2 ice beasts
  A black bear (D:6)
  2 necrophages
  3 ogres
  4 big kobolds
  6 bullfrogs
  A gnoll sergeant (D:7)
  3 scorpions
  A water moccasin skeleton (D:5)
  3 wights (D:8)
  4 crimson imps (D:3)
  2 centaur zombies
  3 hounds
  5 orc priests
  A jelly (D:7)
  A bullfrog skeleton (D:4)
  A gnoll shaman (D:8)
  A centaur skeleton (D:7)
  10 orc wizards
  4 iguanas
  3 worker ants
  A killer bee zombie (D:8)
  A hound skeleton (D:4)
  28 gnolls
  15 adders
  2 shadow imps
  3 white imps
  An ooze (D:1)
  An adder skeleton (D:4)
  7 leopard geckos
  17 orcs
  6 bats
  7 giant cockroaches
  30 goblins
  41 hobgoblins
  17 jackals
  A ball python (D:3)
  4 frilled lizards
  A jackal skeleton (D:4)
  21 kobolds
  8 rats
290 creatures vanquished.

Vanquished Creatures (others)
  3 fungi (D:8)
  14 plants (D:8)
17 creatures vanquished.

Grand Total: 307 creatures vanquished

Notes
Turn   | Place    | Note
-------+----------+-------------------------------------------
     0 | D:1      | nothank2 the Gargoyle Earth Elementalist began the quest
                  | for the Orb.
     0 | D:1      | Reached XP level 1. HP: 10/10 MP: 3/3
   135 | D:1      | Reached skill level 1 in Transmutations
   181 | D:1      | Reached XP level 2. HP: 9/15 MP: 5/5
   459 | D:1      | Reached skill level 4 in Earth Magic
  1009 | D:1      | Reached XP level 3. HP: 10/19 MP: 4/6
  1980 | D:2      | Reached XP level 4. HP: 18/24 MP: 8/8
  2719 | D:2      | Reached skill level 5 in Earth Magic
  3037 | D:3      | Learned a level 3 spell: Stone Arrow
  3283 | D:3      | Reached skill level 1 in Conjurations
  3283 | D:3      | Reached XP level 5. HP: 27/28 MP: 7/10
  3348 | D:3      | Reached XP level 6. HP: 32/32 MP: 3/11
  3438 | D:3      | Reached skill level 6 in Earth Magic
  3487 | D:3      | Found a radiant altar of Vehumet.
  3495 | D:3      | Became a worshipper of Vehumet
  3843 | D:3      | Found a shimmering altar of Xom.
  3994 | D:4      | Learned a level 5 spell: Lee's Rapid Deconstruction
  4020 | D:4      | Reached XP level 7. HP: 36/36 MP: 9/13
  4053 | D:4      | Found a transporter.
  4058 | D:4      | Found a transporter.
  4068 | D:4      | Noticed Edmund
  4360 | D:3      | Killed Edmund
  4361 | D:3      | Reached skill level 7 in Earth Magic
  4524 | D:4      | Reached skill level 5 in Spellcasting
  4600 | D:4      | Found a broken altar of Ashenzari.
  4767 | D:4      | Found a staircase to the Ecumenical Temple.
  4778 | D:4      | Reached * piety under Vehumet
  4778 | D:4      | Offered knowledge of Foxfire by Vehumet.
  4792 | D:4      | Reached XP level 8. HP: 37/41 MP: 10/15
  4996 | D:4      | Noticed nothank2's ghost (amateur DsAK)
  5283 | D:5      | Entered Level 5 of the Dungeon
  5300 | D:5      | Reached skill level 5 in Conjurations
  5835 | D:5      | Reached skill level 8 in Earth Magic
  6112 | D:5      | Offered knowledge of Shock by Vehumet.
  6116 | D:5      | Reached ** piety under Vehumet
  6624 | D:5      | Offered knowledge of Inner Flame by Vehumet.
  6652 | D:5      | Reached *** piety under Vehumet
  6864 | D:5      | Offered knowledge of Mephitic Cloud by Vehumet.
  6888 | D:5      | Learned a level 3 spell: Mephitic Cloud
  7014 | D:5      | Reached XP level 9. HP: 43/45 MP: 9/18
  7808 | D:6      | Reached skill level 9 in Earth Magic
  7875 | D:6      | Reached skill level 1 in Fighting
  7908 | D:6      | Reached **** piety under Vehumet
  8435 | D:7      | Found a flagged portal.
  8443 | D:7      | Offered knowledge of Fireball by Vehumet.
  8450 | D:7      | Learned a level 5 spell: Fireball
  8460 | Bailey   | Entered a bailey
  8623 | Bailey   | Noticed an orc knight
  8916 | D:7      | Found Ehubb's Book Boutique.
  8959 | D:7      | Reached skill level 1 in Fire Magic
 10208 | D:8      | Found a transporter.
 10211 | D:8      | Noticed vexzain's ghost (novice MfMo)
 10220 | D:8      | Found a transporter.
 10232 | D:8      | Noticed a moth of wrath
 10257 | D:8      | Found a staircase to the Lair.
 10272 | D:8      | Reached skill level 10 in Earth Magic
 10272 | D:8      | Reached XP level 10. HP: 49/56 MP: 15/21
 10939 | D:8      | Reached skill level 5 in Fighting
 11437 | D:8      | Noticed a boulder beetle
 11451 | D:8      | HP: 2/59 [boulder beetle (20)]
 11455 | D:8      | Mangled by a boulder beetle

Illustrated notes

Levels and vault maps discovered:
D:1:      dpeg_arrival_line_fractal, layout_basic, hex_medium
D:2:      layout_basic
D:3:      layout_rooms, lemuel_crystal_altar, minmay_misc_feat_alley,
          led_xom_imps
D:4:      layout_cave_pools, minmay_temple_entry_grid,
          gammafunk_ghost_stat_death, nicolae_ashenzari_panopticon, uniq_edmund
D:5:      minmay_goblin_kobold_castle, layout_loops_cross
D:6:      layout_cave_pools, chequers_serial_rivers_micro_d
D:7:      layout_basic, serial_shops, shop, enter_bailey_2
D:8:      layout_layer_cave, minmay_lair_entry_grove,
          gammafunk_ghost_berserking_beasts, kennysheep_just_a_vault,
          uniq_psyche

Skill      XL: |  1  2  3  4  5  6  7  8  9 10 |
---------------+-------------------------------+-----
Transmutations | 1 |  1.0
Earth Magic    | 4 5 6 7 8 10 | 10.6
Spellcasting   | 3 4 5 6 7 8 |  8.0
Conjurations   | 1 2 3 4 6 7 8 |  8.5
Fighting       | 3 5 |  5.1
Fire Magic     | 2 4 |  4.0
Dodging        | |  1.5
Stealth        | |  2.1

Action                   |  1- 3 |  4- 6 |  7- 9 | 10-12 || total
-------------------------+-------+-------+-------+-------++-------
Melee: Dagger            |   151 |   119 |       |       ||   270
       Great mace        |       |    17 |   286 |    10 ||   313
Throw: Boomerang         |       |       |     9 |       ||     9
 Cast: Sandblast         |     6 |    41 |   115 |    23 ||   185
       Stone Arrow       |       |       |    88 |    29 ||   117
       Lee's Rapid Decon |       |       |    13 |     6 ||    19
       Mephitic Cloud    |       |       |     2 |     1 ||     3
       Fireball          |       |       |     1 |       ||     1
  Use: Scroll            |       |     3 |     7 |       ||    10
       Potion            |       |       |       |     2 ||     2
 Stab: Sleeping          |     5 |     3 |     1 |       ||     9
Armor: Robe              |    62 |    66 |   358 |     9 ||   495
       Skin              |       |       |       |     2 ||     2
Dodge: Dodged            |   122 |   116 |   475 |    10 ||   723
